 Dungeon Crawl Stone Soup version 0.29-a0-23-ga79f92ac9c (webtiles) character file.

Game seed: 5694296585117302864

161 HallandMoats the Ruffian (level 5, -2/46 HPs)
             Began as a Ghoul Monk on Jan 30, 2022.
             Slain by a gnoll (9 damage)
             ... on level 3 of the Dungeon.
             The game lasted 00:03:25 (3139 turns).

HallandMoats the Ruffian (Ghoul Monk)               Turns: 3139, Time: 00:03:26

Health: -2/46      AC:  3    Str: 17    XL:     5   Next: 42%
Magic:  5/5        EV: 12    Int:  5    God:
Gold:   77         SH:  0    Dex: 11    Spells: 4/4 levels left

rFire   . . .      SeeInvis +     - Unarmed
rCold   + . .      Faith    .   (no shield)
rNeg    + + +      Spirit   .   a - +0 robe
rPois   ∞          Reflect  .   g - +0 helmet
rElec   .          Harm     .   (no cloak)
rCorr   .          Rampage  .   (no gloves)
Will    .....                   (no boots)
Stlth   ++........              (no amulet)
HPRegen 0.00/turn               f - ring of see invisible
MPRegen 0.09/turn               (no ring)

@: inhibited regen
A: claws 1, cold resistance 1, negative energy resistance 3, inhibited
regeneration, torment resistance 2
a: no special abilities


You were on level 3 of the Dungeon.
You visited 1 branch of the dungeon, and saw 3 of its levels.

You collected 97 gold pieces.
You spent 20 gold pieces at shops.

Inventory:

Armour
 a - a +0 robe (worn)
 g - a +0 helmet (worn)
Jewellery
 f - a ring of see invisible (left claw)
Wands
 c - a wand of flame (1)
Scrolls
 b - a scroll of fear
 e - a scroll of teleportation
Potions
 h - a potion of flight


   Skills:
 + Level 4.1 Fighting
 + Level 1.7 Armour
 + Level 3.3 Dodging
 - Level 2.1 Stealth
 + Level 4.1 Unarmed Combat
 + Level 2.2 Invocations


You had 4 spell levels left.
You didn't know any spells.
Your spell library contained the following spells:

 Spells                   Type           Power      Damage    Failure   Level
 Static Discharge         Conj/Air       0%         N/A       63%         2
 Lightning Bolt           Conj/Air       0%         1d11      100%        5
 Maxwell's Capacitive Co  Air            0%         ∞         100%        8


Dungeon Overview and Level Annotations

Branches:
Dungeon (3/15)

Altars:

Shops:
D:2 *


Innate Abilities, Weirdness & Mutations

You thrive by killing the living.
You are immune to poison.
You have sharp fingernails.
Your flesh is cold resistant. (rC+)
You are immune to negative energy. (rN+++)
You do not regenerate when monsters are visible.
You are immune to unholy pain and torment.


Message History

The gnoll is lightly wounded.
Aiming: Throw Flame
Press: ? - help, Shift-Dir - straight line, f/p - gnoll
Aim: a gnoll, wielding a +2 vorpal halberd (lightly wounded, 72% to hit)
The puff of flame hits the gnoll.
The gnoll is heavily wounded.
The gnoll barely misses you. The gnoll closely misses you.
You scratch the gnoll but do no damage.
The gnoll is heavily wounded.
The gnoll hits you with a +2 vorpal halberd!
The gnoll hits you from afar with a +2 spear of distortion.
Space warps around you.
You claw the gnoll!
The gnoll is almost dead.
The gnoll hits you with a +2 vorpal halberd!
* * * LOW HITPOINT WARNING * * *
x2 The gnoll hits you but does no damage.
The gnoll misses you.
There is a stone staircase leading up here.
The gnoll closely misses you.
The gnoll hits you from afar with a +2 vorpal halberd.
* * * LOW HITPOINT WARNING * * *
x2 You climb upwards.
There is a stone staircase leading down here.
You start resting.
You start resting.
HP restored.
You climb downwards.
The gnoll hits you from afar with a +2 spear of distortion.
The gnoll hits you from afar with a +2 spear of distortion!
You blink.
The gnoll hits you from afar with a +2 vorpal halberd.
The gnoll hits you from afar with a +2 spear of distortion.
Space warps horribly around you! The gnoll misses you.
The gnoll hits you from afar with a +2 vorpal halberd!
* * * LOW HITPOINT WARNING * * *
x2
Found a stone staircase leading down.
The gnoll hits you from afar with a +2 vorpal halberd!
You die...

#. #.# #.# #
####.# #### #....+
.... #.##.# #
#.##.#############
#@.g..............
#.##.######......#
#g##.# ##.....)#
#....# ........<
###### ##.......#
#.##.#### #.....
....... ....


You could see 2 gnolls.

Vanquished Creatures
  6 adders
  4 gnolls
  3 worms
  A dart slug (D:2)
  An orc (D:2)
  2 ball pythons (D:2)
  6 endoplasms
  2 giant cockroaches
  4 goblins
  3 hobgoblins
  7 jackals (D:1)
  A kobold (D:1)
  4 quokkas
  4 bats
  A frilled lizard (D:1)
  5 rats (D:2)
54 creatures vanquished.

Notes
Turn   | Place    | Note
-------+----------+-------------------------------------------
     0 | D:1      | HallandMoats the Ghoul Monk began the quest for the Orb.
     0 | D:1      | Reached XP level 1. HP: 19/19 MP: 0/0
     1 | D:1      | Noticed an electric eel
   264 | D:1      | Reached XP level 2. HP: 26/26 MP: 1/1
   853 | D:1      | Reached skill level 1 in Invocations
   866 | D:1      | Reached XP level 3. HP: 17/31 MP: 2/2
  1117 | D:2      | Reached skill level 1 in Armour
  1281 | D:2      | Reached XP level 4. HP: 31/40 MP: 4/4
  1954 | D:2      | Reached XP level 5. HP: 29/46 MP: 5/5
  2278 | D:2      | Found Zoikiosi's General Store.
  2283 | D:2      | Bought a scroll of identify for 20 gold pieces
  3139 | D:3      | Slain by a gnoll

Illustrated notes

Levels and vault maps discovered:
D:1:      arrival_aquarium_a, layout_basic
D:2:      minmay_chambers_of_twos, layout_basic, serial_shops,
          nicolae_shop_trees, minmay_cut_off
D:3:      layout_basic, nemelex_diamond_rough_becter,
          gammafunk_ghost_nasty_kobolds

Skill      XL: |  1  2  3  4 |
---------------+-------------+-----
Invocations    | 1 2 |  2.2
Armour         | 1 |  1.7
Dodging        | 3 |  3.3
Unarmed Combat | 4 |  4.1
Fighting       | 4 |  4.1
Stealth        | |  2.1

Action                   |  1- 3 |  4- 6 || total
-------------------------+-------+-------++-------
Melee: Unarmed           |    88 |    99 ||   187
       Punch             |     3 |     4 ||     7
Evoke: Wand              |       |     2 ||     2
  Use: Scroll            |       |     4 ||     4
 Stab: Sleeping          |     3 |     3 ||     6
Armor: Robe              |    19 |    10 ||    29
Dodge: Dodged            |    60 |    61 ||   121

Table legend: (Time is in decaauts)
 A = Elapsed time spent in this place.
 B = Non-inter-level travel time spent in this place.
 C = Inter-level travel time spent in this place.
 D = Time resting spent in this place.
 E = Time spent auto-exploring this place.
 F = Levels seen in this place.
 G = Mean time per level.
                   A        B        C        D        E       F      G
               +--------+--------+--------+--------+--------+-----+--------+
         Total |   3128 |   3087 |     41 |    981 |   1614 |   3 | 1042.7 |
       Dungeon |   3128 |   3087 |     41 |    981 |   1614 |   3 | 1042.7 |
               +--------+--------+--------+--------+--------+-----+--------+

Top non-repeatable levels by time:
     D:2: 1545 daAuts
     D:1: 1345 daAuts
     D:3: 238 daAuts
